 Dungeon Crawl Stone Soup version 0.17-a0-2208-ge5ab1d3 (webtiles) character file.

28 xeno23 the Scratcher (level 2, -1/12 HPs)
             Began as a Felid Transmuter on Oct 26, 2015.
             Slain by a kobold
             ... wielding a +0 short sword
              (6 damage)
             ... on level 2 of the Dungeon.
             The game lasted 00:05:53 (737 turns).

xeno23 the Scratcher (Felid Transmuter)              Turns: 737, Time: 00:05:53

Health: -1/12      AC:  1    Str:  6    XL:     2   Next: 96%
Magic:  5/6        EV: 18    Int: 14    God:
Gold:   53         SH:  0    Dex: 16    Spells: 1 memorised, 4 levels left
                                        Lives:  0   Deaths: 0

rFire  . . .     SeeInvis +       - Unarmed
rCold  . . .     Clarity  .     (armour unavailable)
rNeg   . . .     SustAt   .     (shield unavailable)
rPois  .         Gourm    .     (helmet unavailable)
rElec  .         Spirit   .     (cloak unavailable)
rCorr  .         Warding  .     (gloves unavailable)
rMut   .         Stasis   .     (boots unavailable)
MR     .....                    (no amulet)
Stlth  ++........               (no ring)
                                (no ring)

@: appendage, very slightly contaminated, quick, not resistant to hostile
enchantments, unstealthy
A: no armour, no weapons or thrown items, claws 1, fangs 3, horns 2, see
invisible, carnivore 3, speed 1, shaggy fur 1, slow metabolism 1, sharp paws
a: End Transformation


You were on level 2 of the Dungeon.
You were full.
You had grown temporary horns.
You visited 1 branch of the dungeon, and saw 2 of its levels.

You collected 53 gold pieces.

Inventory:

Missiles
 a - 12 arrows
Scrolls
 e - a scroll of blinking {unknown}
 h - 2 scrolls of amnesia {unknown}
Potions
 d - 2 potions of magic {unknown}
 f - a potion of might {unknown}
 g - a potion of resistance {unknown}
 j - a potion of curing {unknown}
Books
 b - a book of Changes

   Spells                             Type                      Level
   a - Beastly Appendage              Transmutation                1
   b - Sticks to Snakes               Transmutation                2
   c - Spider Form                    Transmutation/Poison         3
   d - Ice Form                       Ice/Transmutation            4
   e - Blade Hands                    Transmutation                5
Comestibles
 c - a meat ration
 i - 2 slices of pizza


   Skills:
 + Level 1.2 Fighting
 + Level 3.1 Dodging
 + Level 1.1 Stealth
 * Level 3.4 Unarmed Combat
 - Level 2.0 Spellcasting
 * Level 2.7 Transmutations


You had 4 spell levels left.
You knew the following spells:

 Your Spells              Type           Power        Failure   Level  Hunger
a - Beastly Appendage     Trmt           #.....       10%         1    ##.....


Dungeon Overview and Level Annotations

Branches:
Dungeon (2/15)

Altars:


Innate Abilities, Weirdness & Mutations

You cannot wear armour.
You are incapable of wielding weapons or throwing items.
You have sharp claws.
You have razor-sharp teeth.
You have supernaturally acute eyesight.
You are carnivorous and can eat meat at any time.
You cover ground quickly.
You are covered in fur (AC +1).
You have a slow metabolism.
Your sharp claws are effective at attacking unaware monsters.
You have a pair of horns on your head.


Message History

You see here a stone.
You barely miss the quokka. The quokka bites you.
You take 5 damage.
There is a stone staircase leading up here.
You see here 2 stones.
Press: ? - help, v - describe, . - travel, g - get item
Here: a quokka 2 stones.
A stone staircase leading up.
The quokka twitches its whiskers.
Casting: Beastly Appendage
Confirm with . or Enter, or press ? or * to list all spells.
You grow a pair of large bovine horns.
The quokka closely misses you.
You scratch the quokka. You headbutt the quokka.
You kill the quokka!
You miss the kobold. The kobold hits you with a short sword.
You take 3 damage.
You closely miss the kobold. The kobold hits you with a short sword.
Ouch! That really hurt!
You die...

..........?#
...........#
#.#........#
...........###
......>......#
.......†.†...###..
#..<(.....w..
#K#.....####
#@#.....#
#.#.(...#
#.####### ..# ..#
#... #... ##..


You could see a kobold.

Vanquished Creatures
  A worm (D:2)
  2 giant geckos (D:1)
  3 bats
  2 goblins (D:1)
  3 hobgoblins (D:1)
  A quokka (D:2)
  3 giant cockroaches
  A giant newt (D:1)
  4 kobolds (D:1)
  A rat (D:1)
21 creatures vanquished.

Notes
Turn   | Place    | Note
--------------------------------------------------------------
     0 | D:1      | xeno23 the Felid Transmuter began the quest for the Orb.
     0 | D:1      | Reached XP level 1. HP: 9/9 MP: 4/4
   183 | D:1      | Reached XP level 2. HP: 4/12 MP: 4/6
   504 | D:1      | Reached skill level 1 in Stealth
   737 | D:2      | Slain by a kobold

Vault maps used:
D:1:      dpeg_arrival_shrine, minivault_4, hangedman_decor_lopped
D:2:      uniq_jessica, uniq_iyjb, uniq_crazy_yiuf_cottage, uniq_natasha

Action                   || total
-------------------------++-------
Melee: Unarmed           ||    46
 Cast: Beastly Appendage ||     9
 Stab: Sleeping          ||     4
       Distracted        ||     1
  Eat: Chunk             ||     3
